 Dungeon Crawl Stone Soup version 0.32-a0-996-gb3226c233f (webtiles) character file.

Game seed: 14654336012491758297

28 chippings the Ducker (level 3, -2/30 HPs)
             Began as a Draconian Wanderer on Apr 23, 2024.
             Was a Follower of Vehumet.
             Slain by a ribbon worm (7 damage)
             ... on level 2 of the Dungeon.
             The game lasted 00:03:44 (1019 turns).

chippings the Ducker (Draconian Wanderer)           Turns: 1019, Time: 00:03:44

Health: -2/30      AC:  9    Str: 10    XL:     3   Next: 0%
Magic:  1/4        EV: 12    Int: 12    God:    Vehumet [*.....]
Gold:   35         SH:  4    Dex: 16    Spells: 2/4 levels left

rFire   . . .        a - +0 dagger
rCold   . . .        d - +0 buckler {AC+3}
rNeg    . . .        (body armour unavailable)
rPois   .            (helmet restricted)
rElec   .            (no cloak)
rCorr   .            b - +0 pair of gloves
SInv    .            (no boots)
Will    .....        (no amulet)
Stlth   ++           (no ring)
HPRegen 0.25/turn    (no ring)
MPRegen 0.09/turn

%: no passive effects
@: no status effects
A: AC +5, unfitting armour, cold-blooded
a: Renounce Religion


You were on level 2 of the Dungeon.
You worshipped Vehumet.
Vehumet was aware of your devotion.
You visited 1 branch of the dungeon, and saw 2 of its levels.

You collected 35 gold pieces.

Inventory:

Hand Weapons
 a - a +0 dagger (weapon)
Armour
 b - a +0 pair of gloves (worn)
 d - a +0 buckler of protection (worn)
 e - an orb of guile
Scrolls
 f - a scroll of identify {unknown}
Potions
 c - a potion of invisibility


   Skills:
 + Level 2.6 Fighting
 + Level 0.5 Short Blades
 + Level 3.7 Dodging
 - Level 0.5 Stealth
 - Level 2.1 Shields
 + Level 1.2 Spellcasting
 * Level 0.2 Conjurations
 + Level 1.2 Hexes
 * Level 0.2 Air Magic


You had 2 spell levels left.
You knew the following spells:

 Your Spells              Type           Power      Damage    Failure   Level
a - Slow                  Hex            12%        N/A       26%         1
b - Shock                 Conj/Air       4%         1d3       36%         1

Your spell library contained the following spells:

 Spells                   Type           Power      Damage    Failure   Level
 Sigil of Binding         Hex            3%         N/A       61%         3


Dungeon Overview and Level Annotations

Branches:
Dungeon (2/15)

Altars:
Vehumet


Innate Abilities, Weirdness & Mutations

Your plain brown scales are hard. (AC +5)
You cannot fit into any form of body armour.
You are cold-blooded and may be slowed by cold attacks.


Message History

The ribbon worm bites you but does no damage.
You barely miss the ribbon worm.
The ribbon worm is moderately wounded.
The ribbon worm expels a string of sticky webbing.
The stream of webbing misses you.
You hit the ribbon worm but do no damage.
The ribbon worm is lightly wounded.
The ribbon worm bites you.
You hit the ribbon worm.
The ribbon worm is moderately wounded.
The ribbon worm bites you.
* * * LOW HITPOINT WARNING * * *
Casting: Shock (safe; 36% risk of failure)
Confirm with . or Enter, or press ? or * to list all spells.
Aiming: Shock (safe; 36% risk of failure)
Press: ? - help, Shift-Dir - straight line The zap hits the ribbon worm.
The ribbon worm is moderately wounded.
The zap hits the ribbon worm.
The ribbon worm is moderately wounded.
Unknown command.
You hit the ribbon worm.
The ribbon worm is heavily wounded.
The ribbon worm barely misses you.
You hit the ribbon worm.
The ribbon worm is severely wounded.
The ribbon worm closely misses you.
You hit the ribbon worm.
The ribbon worm is severely wounded.
The ribbon worm misses you.
You completely miss the ribbon worm.
The ribbon worm is severely wounded.
The ribbon worm bites you.
* * * LOW HITPOINT WARNING * * *
You hit the ribbon worm but do no damage.
The ribbon worm is heavily wounded.
You barely miss the ribbon worm.
Your tail-slap misses the ribbon worm.
The ribbon worm is heavily wounded.
The ribbon worm bites you!
You die...

...##.#.# ###ß###ß##...##
...##.#.# ##..............
#..##.#.# #...............
........# #.w.............
<...#.#.##########.##ß###ß##...##
###...#.............### ####...##
......#..........#### #ß...ß#
####..##########w# ##...## + ....
#@# #...# # #.... #.# #...# #
#... #.# ß...ß# # ..# #...## #
### .+... # . .... . ....


You could see a ribbon worm.

Vanquished Creatures
  A dart slug (D:1)
  A bat (D:1)
  4 endoplasms (D:1)
  A giant cockroach (D:2)
  4 hobgoblins (D:1)
  A kobold (D:1)
  2 quokkas (D:1)
  5 ball pythons (D:1)
  3 frilled lizards (D:1)
  2 rats (D:1)
24 creatures vanquished.

Notes
Turn   | Place    | Note
-------+----------+-------------------------------------------
     0 | D:1      | chippings the Draconian Wanderer began the quest for the
                  | Orb.
     0 | D:1      | chippings set off with the following items: a +0 dagger, a
                  | +0 pair of gloves, a potion of invisibility, a +0 buckler
                  | of protection; and the following spell memorised: Slow; and
                  | the following spells available to memorise: Sigil of
                  | Binding.
     0 | D:1      | Reached XP level 1. HP: 17/17 MP: 2/2
   135 | D:1      | Found a faded altar of an unknown god.
   227 | D:1      | Prayed at the altar of an unknown god.
   227 | D:1      | Became a worshipper of Vehumet
   227 | D:1      | Reached * piety under Vehumet
   227 | D:1      | Offered knowledge of Shock by Vehumet.
   296 | D:1      | Learned a level 1 spell: Shock
   351 | D:1      | Reached XP level 2. HP: 12/25 MP: 3/3
   871 | D:2      | Reached XP level 3. HP: 30/30 MP: 4/4
  1019 | D:2      | Slain by a ribbon worm

Illustrated notes

Levels and vault maps discovered:
D:1:      sevenhm_arrival_forest_fort_small_4, layout_loops_ring,
          dilly_ecumenical_altar_fadedgnrine, grunt_decor_mini_mirrors
D:2:      layout_basic, serial_corexii_hall, corexii_hall_statues_s,
          chequers_hall_statues_wall_a, corexii_hall_statues_x,
          chequers_hall_statues_wall_a, basic_altar

Action                     || total
---------------------------++-------
  Melee: Dagger            ||   140
         Tailslap          ||    19
   Cast: Shock             ||     4
         Slow              ||     3
   Stab: Sleeping          ||     2
 Armour: Skin              ||    87
  Dodge: Dodged            ||    74
  Block: Buckler           ||    31

Table legend: (Time is in decaauts)
 A = Elapsed time spent in this place.
 B = Non-inter-level travel time spent in this place.
 C = Inter-level travel time spent in this place.
 D = Time resting spent in this place.
 E = Time spent auto-exploring this place.
 F = Levels seen in this place.
 G = Mean time per level.
                   A        B        C        D        E       F      G
               +--------+--------+--------+--------+--------+-----+--------+
         Total |   1035 |    984 |     51 |      0 |    533 |   2 |  517.5 |
       Dungeon |   1035 |    984 |     51 |      0 |    533 |   2 |  517.5 |
               +--------+--------+--------+--------+--------+-----+--------+

Top non-repeatable levels by time:
     D:1: 877 daAuts
     D:2: 157 daAuts
